 Seeded DCSS version 0.28.0-49-g6dfe1f597d (webtiles) character file.

Game seed: 20220513 (custom seed)

35 jessy the Skirmisher (level 3, 0/33 HPs)
             Began as a Minotaur Berserker on May 13, 2022.
             Was a Follower of Trog.
             Succumbed to an adder's poison
             ... on level 2 of the Dungeon.
             The game lasted 00:02:15 (962 turns).

jessy the Skirmisher (Minotaur Berserker)            Turns: 962, Time: 00:02:15

Health: 0/33       AC:  5    Str: 23    XL:     3   Next: 17%
Magic:  0/2        EV: 11    Int:  4    God:    Trog [*.....]
Gold:   33         SH:  0    Dex:  9    Spells: 2/2 levels left

rFire   . . .      SeeInvis .   a - +0 hand axe
rCold   . . .      Faith    .   (no shield)
rNeg    . . .      Spirit   +   f - +0 ring mail
rPois   .          Reflect  .   (helmet restricted)
rElec   .          Harm     .   (no cloak)
rCorr   .          Rampage  .   (no gloves)
Will    .....                   (no boots)
Stlth   ..........              h - amulet of guardian spirit
HPRegen 0.11/turn               (no ring)
MPRegen 0.08/turn               (no ring)

@: lethally poisoned (0 -> -2)
A: horns 2, retaliatory headbutt
a: Renounce Religion, Berserk


You were on level 2 of the Dungeon.
You worshipped Trog.
Trog was aware of your devotion.
You visited 1 branch of the dungeon, and saw 2 of its levels.

You collected 33 gold pieces.

Inventory:

Hand Weapons
 a - a +0 hand axe (weapon)
 d - a +0 short sword of electrocution
 e - a +2 dagger of venom
Missiles
 k - 2 javelins (quivered)
Armour
 b - a +0 animal skin
 f - a +0 ring mail (worn)
Jewellery
 g - an amulet of faith
 h - an amulet of guardian spirit (around neck)
Scrolls
 c - a scroll of teleportation {unknown}
 i - 2 scrolls of enchant weapon {unknown}
 j - a scroll of magic mapping {unknown}


   Skills:
 + Level 4.3 Fighting
 + Level 4.2 Axes
 + Level 2.7 Armour
 + Level 2.5 Dodging


You had 2 spell levels left.
You didn't know any spells.
Your spell library was empty.

Dungeon Overview and Level Annotations

Branches:
Dungeon (2/15)

Altars:

Annotations:
D:2 Sigmund


Innate Abilities, Weirdness & Mutations

You have a pair of horns on your head.
You reflexively headbutt those who attack you in melee.


Message History

An adder comes into view.
The adder hisses angrily.
The kobold throws a stone.
The stone barely misses you.
Sigmund the Dreaded comes into view.
He is wielding a +0 scythe.
Sigmund shouts!
You closely miss the kobold. Your headbutt misses the kobold.
The adder closely misses you. The kobold hits you but does no damage.
Sigmund mumbles some strange words.
Sigmund flickers and vanishes!
Deactivating autopickup; reactivate with Ctrl-A.
You hit the kobold.
You kill the kobold!
Trog accepts your kill.
You hit the adder but do no damage. The adder misses you. The adder bites you.
Something hits you! The adder misses you.
Things that are here:
a +0 dagger; 2 stones The adder bites you.
You are poisoned.
The adder poisons you!
You feel sick. The adder completely misses you. Something hits you.
You barely miss the adder. Your headbutt misses the adder.
You closely miss something.
You feel sick. The adder closely misses you. Something hits you.
* * * LOW HITPOINT WARNING * * *
The adder bites you.
* * * LOW HITPOINT WARNING * * *
You hit the adder. You headbutt the adder!
You kill the adder!
Trog accepts your kill.
You miss something.
* * * LOW HITPOINT WARNING * * *
You feel sick.
You have reached level 3!
Your experience leads to an increase in your attributes!
Increase (S)trength, (I)ntelligence, or (D)exterity?
You feel stronger. x2
There is a lethal amount of poison in your body!
There is a lethal amount of poison in your body!
You die...

#. #. # #.######## .#
##### ##........# ..#
..... #.......#.####...#
.....###. #..#...........
.........##..#..@........
..... #.......).>......
.....####.#..##..##......
.................# .#...#
.####..##.#..##.## # ..#
.##.#†.##.#..##.# .#
..........#..##.# #
.##.#..#........#
.<.....#.##..####


There were no monsters in sight!

Vanquished Creatures
  An adder (D:2)
  A dart slug (D:1)
  4 ball pythons (D:1)
  4 bats
  An endoplasm (D:1)
  2 goblins (D:1)
  3 hobgoblins (D:1)
  A quokka (D:1)
  4 frilled lizards
  2 kobolds
  A rat (D:1)
24 creatures vanquished.

Notes
Turn   | Place    | Note
-------+----------+-------------------------------------------
     0 | D:1      | jessy the Minotaur Berserker began the quest for the Orb.
     0 | D:1      | Reached XP level 1. HP: 19/19 MP: 0/0
   250 | D:1      | Reached XP level 2. HP: 27/27 MP: 1/1
   431 | D:1      | Found a faded altar of an unknown god.
   953 | D:2      | Noticed Sigmund
   961 | D:2      | HP: 1/27 [poisoned by an adder]
   962 | D:2      | Reached XP level 3. HP: 1/33 MP: 0/2
   962 | D:2      | Succumbed to an adder's poison

Illustrated notes

Levels and vault maps discovered:
D:1:      amcnicky_arrival_choice, layout_loops_ring,
          ebering_ecumenical_altar_petrified
D:2:      layout_loops_cross, basic_altar, uniq_sigmund

Skill      XL: |  1  2 |
---------------+-------+-----
Fighting       | 4 |  4.3
Axes           | 4 |  4.2
Armour         | |  2.7
Dodging        | |  2.5

Action                   || total
-------------------------++-------
Melee: Hand axe          ||    38
       Headbutt          ||     7
Armor: Animal skin       ||     7
       Ring mail         ||     6
Dodge: Dodged            ||    35
